 Dungeon Crawl Stone Soup version 0.29.1-2-gbd0b4ee654 (webtiles) character file.

Game seed: 14599554911260734710

50449 DemonSlayer the Arsonist (level 14, -17/95 HPs)
             Began as a Demonspawn Fire Elementalist on Nov 29, 2022.
             Was the Champion of Cheibriados.
             Demolished by a tengu reaver
             ... wielding the +6 eveningstar "Quff" {venom, rCorr SInv}
              (32 damage)
             ... on level 12 of the Dungeon.
             The game lasted 01:08:38 (30161 turns).

DemonSlayer the Arsonist (DsFE)                    Turns: 30161, Time: 01:08:40

Health: -17/95     AC: 13    Str: 28    XL:     14   Next: 19%
Magic:  19/40      EV: 15    Int: 36    God:    Cheibriados [******]
Gold:   2112       SH: 16    Dex: 29    Spells: 2/40 levels left

rFire   . . .      SeeInvis .   N - +11 flail of the Desert {flame, rN+ Int+4}
rCold   . . .      Faith    .   l - +0 buckler
rNeg    + . .      Spirit   .   w - +0 troll leather armour
rPois   .          Reflect  .   x - +1 hat {Will+}
rElec   .          Harm     .   W - +1 cloak {rCorr}
rCorr   +          Rampage  .   o - +0 pair of gloves
Will    ++...                   (no boots)
Stlth   +++.......              m - amulet of the acrobat
HPRegen 1.05/turn               t - ring of magical power
MPRegen 0.27/turn               j - +4 ring of protection

@: lethally poisoned (-17 -> -26), very slow
A: antennae 2, large bone plates 3, demonic guardian 1, foul stench 3
a: Renounce Religion, Bend Time, Temporal Distortion, Slouch, Step From Time


You were on level 12 of the Dungeon.
You worshipped Cheibriados.
Cheibriados was exalted by your worship.
You visited 3 branches of the dungeon, and saw 18 of its levels.
You also visited: Gauntlet.

You collected 3646 gold pieces.
You spent 1534 gold pieces at shops.

Inventory:

Hand Weapons
 N - the +11 flail of the Desert (weapon) {flame, rN+ Int+4}
   (You found it on level 2 of the Lair of Beasts)

   It burns those it strikes, dealing additional fire damage.
   Int:       It affects your intelligence (+4).
   rN:        It protects you from negative energy.
Missiles
 z - 3 silver boomerangs
 A - 8 silver javelins
Armour
 l - a +0 buckler (worn)
 o - a +0 pair of gloves (worn)
 w - a +0 troll leather armour (worn)
 x - a +1 hat of willpower (worn)
 U - a scarf of resistance
 W - a +1 cloak of preservation (worn)
Jewellery
 f - a ring of poison resistance
 j - a +4 ring of protection (right hand)
 m - an amulet of the acrobat (around neck)
 t - a ring of magical power (left hand)
 Q - a +4 ring of evasion
Wands
 a - a wand of digging (5)
 b - a wand of mindburst (13)
 e - a wand of flame (51)
 s - a wand of polymorph (10)
 H - a wand of paralysis (3)
Scrolls
 h - 2 scrolls of brand weapon {unknown}
 i - 6 scrolls of teleportation
 k - 3 scrolls of magic mapping
 r - 2 scrolls of immolation
 u - 5 scrolls of vulnerability
 v - 4 scrolls of poison {unknown}
 y - 2 scrolls of amnesia {unknown}
 C - 2 scrolls of torment
 I - a scroll of enchant weapon {unknown}
 J - a scroll of silence {unknown}
 R - a scroll of fear
 S - a scroll of fog
Potions
 c - 4 potions of lignification
 d - 4 potions of mutation
 g - 2 potions of cancellation
 n - 8 potions of curing
 p - 2 potions of berserk rage {unknown}
 q - 4 potions of attraction
 B - 7 potions of flight
 D - a potion of ambrosia
 E - 4 potions of invisibility {unknown}
 F - 2 potions of degeneration {unknown}
 K - a potion of resistance {unknown}
 L - 3 potions of might {unknown}
 O - a potion of heal wounds
 T - 2 potions of brilliance {unknown}
 Z - a potion of magic
Miscellaneous
 X - a box of beasts
 Y - a phial of floods


   Skills:
 + Level 4.0 Fighting
 + Level 1.2(2.0) Short Blades
 + Level 2.4(2.6) Long Blades
 + Level 5.2 Maces & Flails
 + Level 0.2 Polearms
 + Level 1.7 Throwing
 + Level 5.2 Armour
 + Level 4.4 Dodging
 + Level 4.4 Stealth
 + Level 6.2 Shields
 + Level 13.6 Spellcasting
 + Level 3.7 Conjurations
 + Level 0.2 Hexes
 + Level 13.6 Fire Magic
 + Level 0.4 Ice Magic
 + Level 0.4 Air Magic
 + Level 0.1 Poison Magic
 + Level 1.9 Evocations


You had 2 spell levels left.
You knew the following spells:

 Your Spells              Type           Power      Damage    Failure   Level
a - Foxfire               Conj/Fire      100%       2x1d9     1%          1
b - Scorch                Fire           100%       2d10      0%          2
c - Conjure Flame         Conj/Fire      72%        6-21      1%          3
d - Flame Wave            Conj/Fire      72%        2d16      1%          4
e - Inner Flame           Hex/Fire       65%        N/A       1%          3
f - Ensorcelled Hibernat  Hex/Ice        54%        N/A       3%          2
g - Mephitic Cloud        Conj/Pois/Air  35%        N/A       3%          3
h - Freezing Cloud        Conj/Ice/Air   18%        6-21      32%         5
i - Summon Hydra          Summ           12%        N/A       100%        7
j - Ignite Poison         Fire/Tmut/Pois 55%        N/A       1%          3
k - Summon Forest         Summ/Tloc      12%        N/A       52%         5

Your spell library contained the following spells:

 Spells                   Type           Power      Damage    Failure   Level
 Apportation              Tloc           48%        N/A       2%          1
 Beastly Appendage        Tmut           48%        N/A       2%          1
 Necrotise                Necr           96%        1d8       2%          1
 Sting                    Tmut/Pois      100%       1d8       2%          1
 Summon Small Mammal      Summ           96%        N/A       2%          1
 Wereblood                Tmut           24%        N/A       3%          2
 Spider Form              Tmut/Pois      25%        N/A       7%          3
 Vampiric Draining        Necr           24%        2d7       7%          3
 Anguish                  Hex/Necr       12%        N/A       22%         4
 Simulacrum               Ice/Necr       13%        N/A       97%         6
 Eringya's Noxious Bog    Tmut/Pois      12%        N/A       98%         6
 Borgnjor's Revivificati  Necr           12%        N/A       100%        8
 Necromutation            Tmut/Necr      12%        N/A       100%        8
 Polar Vortex             Ice            14%        N/A       100%        9


Dungeon Overview and Level Annotations

Branches:
Dungeon (12/15)            Temple (1/1) D:5            Lair (5/5) D:11
 Shoals (0/4) Lair:3       Spider (0/4) Lair:3        Slime (0/5) Lair:4
    Orc (0/2) D:12        Gauntlet (visited)

Altars:
Cheibriados
Fedhas
Hepliaklqana
Kikubaaqudgha
Nemelex Xobeh
Okawaru
Trog
Wu Jian
Jiyva

Shops:
D:2 =(   D:4 ?   D:5 !

Annotations:
D:7 1 runed translucent door, 0gre's ghost, novice GnIE


Innate Abilities, Weirdness & Mutations

You have a pair of antennae on your head.
You are completely covered in large bone plates. (SH +8)
A weak demonic guardian rushes to your aid.
You frequently emit foul miasma when damaged in melee.


Message History

Press: ? - help, Shift-Dir - straight line, f - tengu reaver
Aim: a tengu reaver, wielding the +6 eveningstar "Quff" {venom, rCorr SInv} and wearing a +1 ring mail of cold resistance (heavily wounded, not watching you, ally target, chance to affect: 20%)
The ball explodes into a vile cloud!
The stinking cloud engulfs the tengu reaver but does no damage.
The tengu reaver is heavily wounded.
Your demonic guardian avoids your attack.
The tengu reaver is engulfed in noxious fumes.
Casting: Mephitic Cloud (mildly dangerous; 3% risk of failure)
Confirm with . or Enter, or press ? or * to list all spells.
You ignite the poison in your surroundings!
The tengu reaver is engulfed in blazing flames.
Unknown command.
You closely miss the tengu reaver.
The tengu reaver is heavily wounded.
The tengu reaver is engulfed in blazing flames.
The tengu reaver hits you with the +6 eveningstar "Quff" {venom, rCorr SInv}!
The tengu reaver barely misses you.
The tengu reaver claws you but does no damage.
Your hellwing hits the tengu reaver! x2
The tengu reaver is engulfed in blazing flames.
The tengu reaver gestures at your hellwing while chanting.
The bolt of fire misses your hellwing.
You strike the helpless tengu reaver from behind!
You sock the tengu reaver! You burn the tengu reaver.
The tengu reaver is almost dead.
Your hellwing barely misses the tengu reaver.
Your hellwing misses the tengu reaver.
The tengu reaver gestures at you while chanting.
The bolt of poison hits you!!
You are poisoned.
* * * LOW HITPOINT WARNING * * *
A demonic guardian appears!
Unknown command.
You barely miss the tengu reaver.
The tengu reaver is almost dead.
You feel very sick.
Your hellwing closely misses the tengu reaver.
Your hellwing completely misses the tengu reaver.
The tengu reaver hits you with the +6 eveningstar "Quff" {venom, rCorr SInv}!!
You die...

############
####.@Q○......####
###.....4°.○°......###
##........4☼☼.........##
##.......~§~≈☼§§.§§.....##
#......≈~≈§≈≈≈≈~§§§......#
##.....~≈≈≈§≈≈≈≈≈~§§......#
#.....~≈≈≈########Q≈§......
#....~~≈≈≈#,,,,,,#≈≈~~.....
##....≈≈≈≈≈#,,,,,,#≈≈≈≈~....


You could see a tengu reaver (ally target), a friendly orange demon (summoned)
and a friendly hellwing (summoned).

Vanquished Creatures
  Gastronok (Lair:2)
  A sphinx (D:12)
  Kirke (Lair:4)
  A minotaur (Lair:4)
  An ettin (D:12)
  A great orb of eyes (Gauntlet)
  5 hydras
  Erolcha (D:11)
  A boulder beetle (Lair:5)
  A catoblepas (Lair:2)
  4 two-headed ogres
  Nergalle (D:12)
  A goliath frog (Lair:5)
  Lodul (D:11)
  A flayed ghost (D:12)
  Pikel (D:6)
  4 ugly things
  An oklob plant (Lair:2)
  A black mamba (Lair:2)
  A manticore (D:11)
  22 cane toads
  An unseen horror (D:12)
  2 kobold demonologists (D:10)
  7 rime drakes
  7 komodo dragons
  A troll (D:12)
  A polar bear (Lair:4)
  A tyrant leech (Lair:5)
  16 blink frogs (Lair:5)
  Prince Ribbit (D:9)
  Grinder (D:3)
  Sigmund (D:6)
  3 flying skulls (Gauntlet)
  3 shadows (Gauntlet)
  3 wyverns
  A water elemental (D:12)
  2 wraiths
  32 yaks
  6 hogs (Lair:4)
  4 basilisks
  2 wargs (D:11)
  A steam dragon (D:10)
  7 vampire mosquitoes
  An acid dragon (D:9)
  13 water moccasins
  A sky beast (D:8)
  7 orc warriors
  A black bear (D:6)
  7 ogres (D:11)
  14 wolves
  9 centaurs
  2 lemures (D:6)
  15 bullfrogs
  3 necrophages
  4 scorpions
  3 killer bees (D:10)
  2 electric eels (Lair:5)
  4 howler monkeys (D:11)
  6 jellies
  11 orc priests
  5 hounds
  A gnoll bouda (D:5)
  12 orc wizards
  3 iguanas
  5 hell rats (Lair:5)
  5 gnolls (D:5)
  4 adders
  An ufetubus (D:4)
  2 dart slugs (D:4)
  4 worms
  38 orcs
  13 ball pythons
  20 endoplasms
  3 giant cockroaches
  7 goblins
  5 hobgoblins (D:1)
  7 jackals
  13 kobolds
  2 quokkas
  4 bats
  4 frilled lizards
  4 rats
420 creatures vanquished.

Vanquished Creatures (collateral kills)
  A minotaur (Gauntlet)
  A kobold demonologist (D:10)
  A tyrant leech (Lair:5)
  2 yaks (Lair:3)
  An ice beast (D:8)
  A kobold brigand (D:10)
  2 orcs
  2 kobolds (D:10)
11 creatures vanquished.

Vanquished Creatures (others)
  An orc wizard (D:7)
  295 foxfires
  28 fungi
  105 plants
  A withered plant (Gauntlet)
430 creatures vanquished.

Grand Total: 861 creatures vanquished

Notes
Turn   | Place    | Note
-------+----------+-------------------------------------------
     0 | D:1      | DemonSlayer the Demonspawn Fire Elementalist began the
                  | quest for the Orb.
     0 | D:1      | Reached XP level 1. HP: 13/13 MP: 3/3
   158 | D:1      | Gained mutation: You may rarely emit foul miasma when
                  | damaged in melee. [demonic ancestry]
   158 | D:1      | Reached XP level 2. HP: 19/19 MP: 0/5
   161 | D:1      | Learned a level 2 spell: Scorch
   212 | D:1      | Found a faded altar of an unknown god.
   603 | D:2      | Found Ipram's Antique Weapon Emporium.
  1087 | D:2      | Gained mutation: You are partially covered in large bone
                  | plates. (SH +4) [demonic ancestry]
  1087 | D:2      | Reached XP level 3. HP: 20/24 MP: 3/6
  1088 | D:2      | Reached skill level 1 in Short Blades
  1306 | D:2      | Found Ycamylots's One-of-a-Kind Rings.
  1990 | D:2      | Learned a level 3 spell: Conjure Flame
  2905 | D:3      | Noticed a necrophage
  2917 | D:3      | Killed a necrophage
  2918 | D:3      | Gained mutation: You have a pair of small antennae on your
                  | head. [demonic ancestry]
  2918 | D:3      | Reached XP level 4. HP: 24/31 MP: 0/8
  3082 | D:3      | Gained mutation: You sometimes emit foul miasma when
                  | damaged in melee. [demonic ancestry]
  3082 | D:3      | Reached XP level 5. HP: 36/36 MP: 1/9
  3339 | D:3      | Noticed Grinder
  3341 | D:3      | Paralysed by Grinder for 2 turns
  3359 | D:3      | Killed Grinder
  3360 | D:3      | Reached skill level 1 in Armour
  3360 | D:3      | Gained mutation: You have a pair of antennae on your head.
                  | [demonic ancestry]
  3360 | D:3      | Reached XP level 6. HP: 41/42 MP: 0/11
  3708 | D:3      | Learned a level 4 spell: Flame Wave
  4209 | D:4      | Reached skill level 1 in Shields
  4299 | D:4      | Found a hazy altar of Hepliaklqana.
  4308 | D:4      | Found an iron altar of Okawaru.
  4457 | D:4      | Found Dyant's Magic Scroll Shoppe.
  4543 | D:4      | Bought a scroll of teleportation for 33 gold pieces
  4543 | D:4      | Bought a scroll of identify for 22 gold pieces
  4543 | D:4      | Bought a scroll of fear for 44 gold pieces
  4543 | D:4      | Bought a scroll of teleportation for 33 gold pieces
  4543 | D:4      | Bought a scroll of identify for 22 gold pieces
  5063 | D:4      | Reached XP level 7. HP: 47/47 MP: 4/13
  5273 | D:4      | Learned a level 3 spell: Inner Flame
  5289 | D:5      | Entered Level 5 of the Dungeon
  5658 | D:5      | Found Haputul's Distillery.
  6091 | D:5      | Found a staircase to the Ecumenical Temple.
  6212 | Temple   | Entered the Ecumenical Temple
  6337 | Temple   | Became a worshipper of Cheibriados the Contemplative
  6469 | D:6      | Reached skill level 5 in Spellcasting
  7208 | D:6      | Noticed Pikel
  7249 | D:6      | Killed Pikel
  7250 | D:6      | Reached skill level 1 in Fighting
  7250 | D:6      | Reached skill level 1 in Maces & Flails
  7250 | D:6      | Reached skill level 5 in Fire Magic
  7250 | D:6      | Reached skill level 1 in Evocations
  7250 | D:6      | Gained mutation: A weak demonic guardian rushes to your
                  | aid. [demonic ancestry]
  7250 | D:6      | Reached XP level 8. HP: 36/54 MP: 1/16
  7600 | D:6      | Reached skill level 1 in Throwing
  8079 | D:6      | Noticed Sigmund
  8083 | D:6      | Killed Sigmund
  8470 | D:6      | Identified a scroll of acquirement
  8566 | D:4      | Bought a scroll of summoning for 104 gold pieces
  8566 | D:4      | Bought a scroll of fog for 44 gold pieces
  8571 | D:4      | Acquired 820 gold pieces
  8747 | D:7      | Found a runed translucent door.
  8747 | D:7      | Noticed 0gre's ghost (novice GnIE)
  9119 | D:7      | Reached XP level 9. HP: 59/59 MP: 11/18
  9361 | D:7      | Reached * piety under Cheibriados
 10946 | D:8      | Reached ** piety under Cheibriados
 11113 | D:8      | Identified the +9 flail "Ecwigret" {vorpal, rPois Int+2}
 11346 | D:8      | Noticed a six-headed hydra
 11356 | D:8      | Killed a six-headed hydra
 11695 | D:9      | Reached XP level 10. HP: 67/67 MP: 15/22
 11767 | D:9      | Noticed Prince Ribbit
 11774 | D:9      | Killed Prince Ribbit
 12108 | D:9      | Identified the +3 flail "Yshiol" {drain, rPois rF- Will+++
                  | SInv}
 13035 | D:10     | Entered Level 10 of the Dungeon
 13043 | D:10     | Noticed a two-headed ogre
 13048 | D:10     | Killed a two-headed ogre
 13239 | D:10     | Noticed an orange demon
 13249 | D:10     | Noticed an orange demon
 13406 | D:10     | Noticed a soul eater
 13972 | D:10     | Reached *** piety under Cheibriados
 14149 | D:10     | Found the +4 dagger "Morg" {pain, Will+ Int+5}
 14720 | D:11     | Found a staircase to the Lair.
 15502 | D:11     | Noticed Erolcha
 15508 | D:11     | Killed Erolcha
 15509 | D:11     | Reached XP level 11. HP: 49/72 MP: 23/24
 15627 | D:11     | Noticed Lodul
 15644 | D:11     | Killed Lodul
 16344 | D:2      | Bought the +2 Maxwell's thermic engine {flame, freeze} for
                  | 1232 gold pieces
 16344 | D:2      | Found the +2 Maxwell's thermic engine {flame, freeze}
 16819 | D:11     | Noticed a two-headed ogre
 16827 | D:11     | Killed a two-headed ogre
 16828 | D:11     | Reached skill level 1 in Long Blades
 16828 | D:11     | Reached **** piety under Cheibriados
 17721 | Lair:1   | Entered Level 1 of the Lair of Beasts
 17730 | Lair:1   | Found a snail-covered altar of Cheibriados.
 18239 | Lair:1   | Identified the +10 dagger "Fish" {venom, Drain Fly Int+3
                  | SInv}
 18432 | Lair:2   | Reached skill level 10 in Fire Magic
 18434 | Lair:2   | Reached skill level 10 in Spellcasting
 18846 | Lair:2   | Noticed a catoblepas
 18887 | Lair:2   | Noticed a six-headed hydra
 19447 | Lair:2   | Killed a six-headed hydra
 19537 | Lair:2   | Killed a catoblepas
 20063 | Lair:2   | Gained mutation: You are mostly covered in large bone
                  | plates. (SH +6) [demonic ancestry]
 20063 | Lair:2   | Reached XP level 12. HP: 67/80 MP: 18/26
 20293 | Lair:2   | Identified the +11 flail of the Desert {flame, rN+ Int+4}
 20295 | Lair:2   | Noticed Gastronok
 20312 | Lair:2   | Killed Gastronok
 21022 | Lair:2   | Acquired 1263 gold pieces
 21678 | Lair:3   | Reached ***** piety under Cheibriados
 21788 | Lair:3   | Found a hole to the Spider Nest.
 22107 | Lair:3   | Found a frozen archway.
 22533 | Lair:3   | Found a staircase to the Shoals.
 23171 | Lair:3   | Learned a level 2 spell: Ensorcelled Hibernation
 23291 | Lair:4   | Found a runed translucent door.
 23304 | Lair:4   | Noticed Kirke
 23311 | Lair:4   | Killed Kirke
 23503 | Lair:4   | Reached skill level 5 in Shields
 23582 | Lair:4   | Found a viscous altar of Jiyva.
 23583 | Lair:4   | Found a staircase to the Slime Pits.
 23986 | Lair:4   | Reached skill level 5 in Armour
 24482 | Lair:4   | Noticed a minotaur
 25049 | Lair:4   | Killed a minotaur
 25573 | Lair:4   | Learned a level 3 spell: Mephitic Cloud
 25579 | Lair:4   | Learned a level 5 spell: Freezing Cloud
 25587 | Lair:4   | Learned a level 7 spell: Summon Hydra
 25635 | Lair:5   | Entered Level 5 of the Lair of Beasts
 25958 | Lair:5   | Noticed a four-headed hydra
 25960 | Lair:5   | Gained mutation: You frequently emit foul miasma when
                  | damaged in melee. [demonic ancestry]
 25960 | Lair:5   | Reached XP level 13. HP: 76/86 MP: 26/28
 25964 | Lair:5   | Reached ****** piety under Cheibriados
 27737 | Lair:5   | Found a bloodstained altar of Trog.
 28324 | Lair:5   | Learned a level 3 spell: Ignite Poison
 28427 | D:12     | Noticed Nergalle
 28440 | D:12     | Killed Nergalle
 28482 | D:12     | Reached skill level 5 in Maces & Flails
 28489 | D:12     | Found a gate leading to a gauntlet.
 28494 | Gauntlet | Entered a Gauntlet
 28494 | Gauntlet | Found a transporter.
 28706 | Gauntlet | Found a transporter.
 28708 | Gauntlet | Found a transporter.
 28719 | Gauntlet | Found a transporter.
 28722 | Gauntlet | Found a transporter.
 28731 | Gauntlet | Found a transporter.
 28744 | Gauntlet | Found a transporter.
 28750 | Gauntlet | Noticed a reaper
 28758 | Gauntlet | Found a transporter.
 28768 | Gauntlet | Found a transporter.
 28772 | Gauntlet | Found a runed translucent door.
 28773 | Gauntlet | Found a runed translucent door.
 28774 | Gauntlet | Found a runed translucent door.
 28777 | Gauntlet | Found a transporter.
 28777 | Gauntlet | Found a transporter.
 28778 | Gauntlet | Noticed a quicksilver ooze
 28778 | Gauntlet | a death yak changed into a quicksilver ooze
 28779 | Gauntlet | a quicksilver ooze changed into a catoblepas
 28790 | Gauntlet | Noticed a quicksilver ooze
 28790 | Gauntlet | a great orb of eyes changed into a quicksilver ooze
 28792 | Gauntlet | a quicksilver ooze changed into a jorogumo
 28805 | Gauntlet | Found a transporter.
 28807 | Gauntlet | Found a transporter.
 28863 | Gauntlet | Found a transporter.
 28903 | Gauntlet | Noticed a quicksilver ooze
 28903 | Gauntlet | a goliath frog changed into a quicksilver ooze
 29054 | Gauntlet | Noticed a quicksilver ooze
 29054 | Gauntlet | Noticed an emperor scorpion
 29054 | Gauntlet | a quicksilver ooze changed into an emperor scorpion
 29064 | Gauntlet | Noticed a quicksilver ooze
 29064 | Gauntlet | an emperor scorpion changed into a quicksilver ooze
 29066 | Gauntlet | a quicksilver ooze changed into a great orb of eyes
 29068 | Gauntlet | Noticed a fire dragon
 29068 | Gauntlet | a great orb of eyes changed into a fire dragon
 29070 | Gauntlet | Noticed a storm dragon
 29070 | Gauntlet | a fire dragon changed into a storm dragon
 29074 | Gauntlet | Noticed a frost giant
 29074 | Gauntlet | a storm dragon changed into a frost giant
 29079 | Gauntlet | Noticed a fire giant
 29079 | Gauntlet | a frost giant changed into a fire giant
 29081 | Gauntlet | Noticed an eleionoma
 29081 | Gauntlet | a fire giant changed into an eleionoma
 29082 | Gauntlet | Noticed a dire elephant
 29082 | Gauntlet | an eleionoma changed into a dire elephant
 29086 | Gauntlet | Noticed a quicksilver dragon
 29086 | Gauntlet | a dire elephant changed into a quicksilver dragon
 29104 | Gauntlet | Noticed a dire elephant
 29104 | Gauntlet | a quicksilver dragon changed into a dire elephant
 29107 | Gauntlet | Noticed a stone giant
 29107 | Gauntlet | a dire elephant changed into a stone giant
 29110 | Gauntlet | Noticed a dire elephant
 29110 | Gauntlet | a stone giant changed into a dire elephant
 29112 | Gauntlet | a dire elephant changed into an iron troll
 29118 | Gauntlet | Noticed a fenstrider witch
 29118 | Gauntlet | an iron troll changed into a fenstrider witch
 29121 | Gauntlet | Noticed a dire elephant
 29121 | Gauntlet | Noticed a bunyip
 29121 | Gauntlet | Noticed a stone giant
 29121 | Gauntlet | a dire elephant changed into a stone giant
 29122 | Gauntlet | a stone giant changed into an iron troll
 29126 | Gauntlet | Noticed a frost giant
 29126 | Gauntlet | an iron troll changed into a frost giant
 29127 | Gauntlet | Noticed a minotaur
 29127 | Gauntlet | a frost giant changed into a minotaur
 29129 | Gauntlet | Noticed an entropy weaver
 29129 | Gauntlet | a minotaur changed into an entropy weaver
 29129 | Gauntlet | an entropy weaver changed into a jorogumo
 29133 | Gauntlet | Noticed a fire dragon
 29156 | Gauntlet | a fire dragon changed into a boulder beetle
 29241 | Gauntlet | Noticed a minotaur
 29278 | Gauntlet | Killed a minotaur
 29279 | Gauntlet | Gained mutation: You are completely covered in large bone
                  | plates. (SH +8) [demonic ancestry]
 29279 | Gauntlet | Reached XP level 14. HP: 77/94 MP: 26/31
 29285 | Gauntlet | Learned a level 5 spell: Summon Forest
 29452 | Gauntlet | Got the Writings on Mortuary Transformation
 29452 | Gauntlet | Got the Anthology of the Zebra
 29850 | D:12     | Found a staircase to the Orcish Mines.
 30119 | D:12     | Noticed a sphinx
 30127 | D:12     | Killed a sphinx
 30135 | D:12     | Identified the +6 eveningstar "Quff" {venom, rCorr SInv}
 30135 | D:12     | Noticed a tengu reaver
 30161 | D:12     | Demolished by a tengu reaver

Illustrated notes

Levels and vault maps discovered:
D:1:      reono_arrival_mine, layout_basic, ebering_ecumenical_altar_rust,
          st_stairs_5
D:2:      layout_loops_cross, serial_shops, shop, minivault_4,
          nicolae_shop_unique_rings
D:3:      layout_loops_cross, serial_glass, glass_columns_a, glass_columns_b,
          glass_columns_c, glass_columns_c, glass_columns_b, glass_columns_a,
          due_unseen_surprise, item_on_display_a, minmay_strange_pillars,
          feat_on_display, uniq_grinder
D:4:      layout_basic, elyvilon_altar_1, mainiacjoe_overflow_swirl,
          serial_shops, nicolae_shop_advertising_works
          [nicolae_subvault_shop_adworks]
D:5:      layout_basic, minmay_temple_entry_stoned_glass, serial_shops,
          nicolae_stop_n_shop_1
D:6:      layout_loops_ring, tso_altar, uniq_pikel, uniq_sigmund
D:7:      layout_gridville, hellmonk_ghost_happy_afterlife,
          kb_lookout_dungeons_type
D:8:      minmay_angry_zag, layout_cave_pools
D:9:      layout_stronghold, mainiacjoe_overflow_concentric_impassable,
          serial_co_window_serial, co_window_paths_a, co_window_corner_a,
          co_window_of_opportunity_a, co_window_corner_a, co_window_paths_b,
          co_window_cross_3, co_window_unsneaky_path_e,
          co_window_unsneaky_path_d, co_window_corner_cb, co_window_corner_cb,
          glass_columns_b, glass_columns_a, glass_columns_c, uniq_prince_ribbit1
D:10:     layout_gridville
D:11:     layout_roguey, erik_lair_orcish_takeover, uniq_erolcha, uniq_lodul
D:12:     cross_vault, layout_cave_pools, david_orc_1_choice,
          gammafunk_ghost_ooze, gauntlet_entry_generic, uniq_nergalle
Temple:   bh_familiar_temple
Lair:1:   layout_misc_corridors, basic_altar, grunt_megastairs_2
Lair:2:   lemuel_slime, layout_chaotic_city, patterned_corridor,
          grunt_megastairs_1, infiniplex_staircase_pool, uniq_gastronok
Lair:3:   layout_layer_cave, minmay_shoals_entry_centaurs,
          spider_nest_entry_web_field, portal_ice_cave_rime, minmay_holes,
          chequers_serial_rivers_micro_c
Lair:4:   dreamdust_labyrinth, layout_layer_cave, slime_entry_1,
          nicolae_lair_grove_arrangements, grunt_megastairs_4, uniq_kirke
Lair:5:   minmay_lair_end_frog_pond, layout_cellular_growth, basic_altar

Skill      XL: |  1  2  3  4  5  6  7  8  9 10 11 12 13 14 |
---------------+-------------------------------------------+-----
Stealth        | 2 3 4 |  4.4
Short Blades   | 1 |  1.2
Dodging        | 2 3 4 |  4.4
Fire Magic     | 3 4 5 6 7 9 10 12 13 | 13.6
Spellcasting   | 3 4 5 6 8 9 10 11 13 | 13.6
Armour         | 1 2 3 4 5 |  5.2
Conjurations   | 2 3 |  3.7
Shields        | 1 2 3 4 5 6 |  6.2
Fighting       | 1 2 3 4 |  4.0
Maces & Flails | 1 2 3 4 5 |  5.2
Evocations     | 1 |  1.9
Throwing       | 1 |  1.7
Long Blades    | 2 |  2.4
Polearms       | |  0.2
Hexes          | |  0.2
Ice Magic      | |  0.4
Air Magic      | |  0.4
Poison Magic   | |  0.1

Action                   |  1- 3 |  4- 6 |  7- 9 | 10-12 | 13-15 || total
-------------------------+-------+-------+-------+-------+-------++-------
Melee: Spear             |     5 |       |       |       |       ||     5
       Dagger            |    39 |    22 |       |       |       ||    61
       Morningstar       |       |       |    60 |       |       ||    60
       Flail             |       |       |       |   102 |    84 ||   186
       Double sword      |       |       |       |    22 |       ||    22
Throw: Boomerang         |       |       |     7 |       |       ||     7
       Throwing net      |       |       |     5 |     2 |     2 ||     9
 Cast: Foxfire           |    27 |    19 |    19 |    63 |    47 ||   175
       Scorch            |    25 |    36 |   135 |   312 |   209 ||   717
       Conjure Flame     |       |       |     1 |     6 |       ||     7
       Inner Flame       |       |       |     1 |       |       ||     1
       Flame Wave        |       |       |       |    14 |    12 ||    26
       Ensorcelled Hiber |       |       |       |     1 |     1 ||     2
       Mephitic Cloud    |       |       |       |       |     8 ||     8
       Ignite Poison     |       |       |       |       |     5 ||     5
Evoke: Wand              |     6 |       |     3 |    16 |       ||    25
  Use: Potion            |     1 |       |     3 |     1 |     4 ||     9
       Scroll            |       |     5 |     9 |     9 |    10 ||    33
 Stab: Sleeping          |     1 |       |       |     2 |       ||     3
       Held in net/web   |       |       |     1 |       |     1 ||     2
       Distracted        |       |       |       |       |     1 ||     1
Armor: Leather armour    |    21 |     6 |    31 |       |       ||    58
       Acid dragon scale |       |       |       |   104 |    26 ||   130
       Troll leather arm |       |       |       |       |    18 ||    18
Dodge: Dodged            |    30 |    21 |    82 |   195 |   112 ||   440
Block: Buckler           |     8 |    11 |    82 |   254 |   166 ||   521
